 Dungeon Crawl Stone Soup version 0.31-a0-188-g5e087ee2ca (webtiles) character file.

Game seed: 6723915271399435043

59 qw the Shooter (level 3, -4/20 HPs)
             Began as a Deep Elf Hunter on June 22, 2023.
             Slain by a gnoll
             ... wielding a +0 halberd
              (11 damage)
             ... on level 2 of the Dungeon.
             The game lasted 00:00:22 (978 turns).

qw the Shooter (Deep Elf Hunter)                     Turns: 978, Time: 00:00:22

Health: -4/20      AC:  3    Str: 10    XL:     3   Next: 78%
Magic:  5/5        EV: 12    Int: 13    God:
Gold:   96         SH:  0    Dex: 18    Spells: 2/2 levels left

rFire   . . .        Y - +1 shortbow
rCold   . . .        (shield currently unavailable)
rNeg    . . .        c - +0 leather armour
rPois   .            (no helmet)
rElec   .            (no cloak)
rCorr   .            (no gloves)
SInv    .            (no boots)
Will    .....        (no amulet)
Stlth   ++           e - +4 ring of slaying {mikee}
HPRegen 0.23/turn    (no ring)
MPRegen 0.09/turn

%: no passive effects
@: no status effects
A: no striking features
a: no special abilities


You were on level 2 of the Dungeon.
You visited 1 branch of the dungeon, and saw 2 of its levels.

You collected 96 gold pieces.


   Skills:
 - Level 1.5 Fighting
 + Level 7.3 Ranged Weapons
 - Level 2.4 Dodging
 - Level 1.2 Stealth


You had 2 spell levels left.
You didn't know any spells.
Your spell library was empty.

Inventory:

Hand Weapons
 Y - a +1 shortbow (weapon)
Armour
 c - a +0 leather armour (worn)
Jewellery
 e - a +4 ring of slaying (left hand) {mikee}
Scrolls
 a - a scroll of enchant weapon
 d - a scroll of fear {unknown}
 f - a scroll of immolation {unknown}
Potions
 b - a potion of heal wounds {unknown}

Dungeon Overview and Level Annotations

Branches:
Dungeon (2/15)

Altars:

Annotations:
D:2 exclusion: 3 gnolls


Message History

The arrow hits the gnoll but does no damage.
The gnoll is almost dead.
A gnoll comes into view. It is wielding a +0 halberd.
The gnoll barely misses you.
You shoot an arrow. The gnoll shouts!
The arrow hits the gnoll.
You kill the gnoll!
A gnoll comes into view. It is wielding a +0 flail.
Your Ranged Weapons skill increases to level 7!
You shoot an arrow. The arrow barely misses the gnoll.
The gnoll shouts!
You shoot an arrow. The arrow hits the gnoll.
The gnoll is heavily wounded.
You shoot an arrow. The arrow hits the gnoll!
You kill the gnoll!
You shoot an arrow. The arrow barely misses the gnoll.
You shoot an arrow.
The arrow hits the gnoll but does no damage.
You shoot an arrow. The arrow hits the gnoll.
The gnoll is heavily wounded.
You shoot an arrow. The arrow barely misses the gnoll.
The gnoll hits you from afar with a +0 halberd!
You shoot an arrow. The arrow closely misses the gnoll.
The gnoll hits you from afar with a +0 halberd.
Enter note:
Enter note:
975 ||| UPGRADING to +4 ring of slaying {mikee}.
e - a +4 ring of slaying (left hand) {mikee}
Enter note:
Enter note:
Enter note:
Enter note:
978 ||| READING 2 scrolls labelled TEBBUA XEVUPHUPN.
As you read the scroll labelled TEBBUA XEVUPHUPN, it crumbles to dust.
It is a scroll of enchant weapon.
Your +0 shortbow glows red for a moment.
The gnoll hits you from afar with a +0 halberd!
Ouch! That really hurt!
You die...

###.#..........##
#.#...#.#####..
#.#..)#.# ##.
#.#...#.# #.
#.....#.######.
#..............
##.####.#####..
#######.####.#####..
#..@................
#g#####.####.###....
#)# #.# #.###.#..
#)# #.> #....)...
#.# ###. #####.##.
#.# .# #.# # #?# #
#.# #)# #.. ...


You could see a gnoll.

Vanquished Creatures
  An adder (D:2)
  2 gnolls (D:2)
  A dart slug (D:1)
  5 ball pythons
  4 bats
  An endoplasm (D:2)
  3 goblins
  A hobgoblin (D:1)
  3 quokkas
  3 kobolds
  5 rats
29 creatures vanquished.

Notes
Turn   | Place    | Note
-------+----------+-------------------------------------------
     0 | D:1      | qw the Deep Elf Hunter began the quest for the Orb.
     0 | D:1      | Reached XP level 1. HP: 12/12 MP: 3/3
     0 | D:1      | 0 ||| qw: Version: 0.3-a-9-g12657ce
     0 | D:1      | 0 ||| qw: Game counter: 3049
     0 | D:1      | 0 ||| qw: Always use a shield: true
     0 | D:1      | 0 ||| qw: God list: Okawaru
     0 | D:1      | 0 ||| qw: Allow faded altars: false
     0 | D:1      | 0 ||| qw: Do Orc after D:15 true
     0 | D:1      | 0 ||| qw: Do second Lair branch before Depths: true
     0 | D:1      | 0 ||| qw: Lair rune preference: random
     0 | D:1      | 0 ||| qw: Plans: Normal
     0 | D:1      | 0 ||| PLANNING D:1-11
   202 | D:1      | Reached skill level 6 in Ranged Weapons
   202 | D:1      | Reached XP level 2. HP: 16/16 MP: 4/4
   687 | D:1      | 687 ||| READING scroll labelled ALAKLI TEWN.
   688 | D:1      | 688 ||| DRINKING 2 sedimented coppery potions.
   689 | D:1      | 689 ||| DROPPING scroll of butterflies.
   690 | D:1      | 690 ||| DROPPING potion of brilliance.
   892 | D:2      | Reached XP level 3. HP: 18/20 MP: 5/5
   967 | D:2      | Reached skill level 7 in Ranged Weapons
   975 | D:2      | 975 ||| UPGRADING to +4 ring of slaying {mikee}.
   978 | D:2      | 978 ||| READING 2 scrolls labelled TEBBUA XEVUPHUPN.
   978 | D:2      | Slain by a gnoll

Levels and vault maps discovered:
D:1:      nicolae_arrival_washed_ashore, layout_basic
D:2:      layout_loops_cross

Skill      XL: |  1  2  3 |
---------------+----------+-----
Ranged Weapons | 6 7 |  7.3
Fighting       | |  1.5
Dodging        | |  2.4
Stealth        | |  1.2

Action                     || total
---------------------------++-------
   Fire: Shortbow          ||    81
    Use: Scroll            ||     2
         Potion            ||     1
 Armour: Leather armour    ||     6
  Dodge: Dodged            ||    28

Table legend:
 A = Non-vault XP
 B = Vault XP
 C = Vault XP percentage of total XP
 D = Non-vault monster count
 E = Vault monster count
 F = Vault count percentage of total count
                 A         B        C        D         E       F
            +---------+---------+-------+---------+---------+-------
      Total |      85 |       0 |   0.0 |      29 |       0 |   0.0
            +---------+---------+-------+---------+---------+-------
        D:1 |      28 |       0 |   0.0 |      16 |       0 |   0.0
        D:2 |      57 |       0 |   0.0 |      13 |       0 |   0.0
            +---------+---------+-------+---------+---------+-------
